AoeStats
← THL

Arabia

506856043Analyzed
2v2 RM · 17d ago on Sep 15, 2026· 24m 27s· 4 players
Game mode
Random Map
Map size
Medium (4 player)
Population
200
Speed
Normal
Resources
Standard
Victory
Conquest
Starting age
Dark Age
Ending age
Imperial Age
RankedLock teamsTeams togetherTeam positionsShared explorationLock speedFull tech treeHidden civsTurbo modeCheats
Victory
Defeat
🇳🇴 Huns · Norway
1615
+7
🇻🇳 Italians · Vietnam
1517
+11
🇨🇳 Persians · China
1397
-9
🇨🇳 Vikings · China
1396
-9
Mystic
5:55 Loom
9:17 Feudal Age
10:14 Double-Bit Axe
16:36 Forging
17:44 Wheelbarrow
18:00 Scale Barding Armor
23:03 Castle Age
21:54 Bloodlines
22:02 Gold Mining
24:03 Chain Barding Armor
23:05 Light Cavalry
THL
6:59 Loom
9:12 Feudal Age
10:36 Double-Bit Axe
14:07 Fletching
22:26 Castle Age
20:39 Gold Mining
22:43 Crossbowman
23:20 Bodkin Arrow
23:36 Bow Saw
23:45 Bow Saw
25:08 Ballistics
锦瑟无端
6:15 Loom
8:48 Feudal Age
9:44 Double-Bit Axe
10:09 Horse Collar
16:28 Scale Barding Armor
17:48 Forging
22:33 Castle Age
21:00 Gold Mining
22:56 Bloodlines
23:50 Chain Barding Armor
25:29 Iron Casting
霸气小橘子
6:43 Loom
9:33 Feudal Age
19:13 Fletching
20:29 Padded Archer Armor
Connection lost

Rejoining the realm…

Still unreachable

The connection could not be restored.

Session expired

The server has moved on; the page needs a fresh start.